 Dungeon Crawl Stone Soup version 0.21.1-1-g345015f (webtiles) character file.

602 letownia2 the Changer (level 7, 0/52 HPs)
             Began as a Merfolk Transmuter on Mar 15, 2018.
             Succumbed to a worker ant's poison
             ... on level 5 of the Dungeon on Mar 16, 2018.
             The game lasted 00:05:55 (906 turns).

letownia2 the Changer (Merfolk Transmuter)           Turns: 906, Time: 00:05:55

Health: 0/52       AC:  2    Str: 12    XL:     7   Next: 41%
Magic:  10/10      EV: 13    Int: 13    God:
Gold:   65         SH:  0    Dex: 14    Spells: 0/10 levels left

rFire    + . .     SeeInvis .     - Unarmed
rCold    . . .     Gourm    .   (no shield)
rNeg     . . .     Faith    .   b - +0 robe
rPois    .         Spirit   .   g - +0 hat
rElec    .         Reflect  .   (no cloak)
rCorr    .         Harm     .   (no gloves)
MR       .....                  (no boots)
Stlth    +.........             (no amulet)
HPRegen  0.17/turn              o - ring of protection from fire
MPRegen  0.12/turn              (no ring)

@: lethally poisoned (0 -> -2)
A: change form in water, swift swim, stealthy swim
a: no special abilities


You were on level 5 of the Dungeon.
You were hungry.

You visited 1 branch of the dungeon, and saw 6 of its levels.

You collected 65 gold pieces.

Inventory:

Hand Weapons
 i - a cursed -3 mace
 q - a +1 scimitar of slicing
Missiles
 a - 24 arrows
 n - 25 sling bullets
Armour
 b - a +0 robe (worn)
 g - a +0 hat (worn)
Jewellery
 o - a ring of protection from fire (left hand)
Scrolls
 e - 4 scrolls of identify
 f - a scroll of fog {unknown}
 j - a scroll of blinking {unknown}
 k - 5 scrolls of teleportation {unknown}
 m - 2 scrolls of enchant weapon {unknown}
Potions
 h - a potion of resistance
Books
 c - a book of Changes

   Spells                             Type                      Level
   a - Beastly Appendage              Transmutation                1
   b - Sticks to Snakes               Transmutation                2
   c - Spider Form                    Transmutation/Poison         3
   d - Ice Form                       Ice/Transmutation            4
   e - Blade Hands                    Transmutation                5
Comestibles
 d - 2 rations
 p - 10 chunks of flesh


   Skills:
 - Level 3.0 Fighting
 - Level 2.6 Dodging
 + Level 6.4 Unarmed Combat
 - Level 2.0 Spellcasting
 - Level 6.9 Transmutations
 - Level 1.7 Poison Magic


You couldn't memorise any spells.
You knew the following spells:

 Your Spells              Type           Power        Failure   Level  Hunger
a - Beastly Appendage     Tmut           ###...       1%          1    ##.....
i - Ice Form              Ice/Tmut       ##......     52%         4    #####..
l - Sticks to Snakes      Tmut           ###.....     2%          2    ###....
p - Spider Form           Tmut/Pois      ##........   13%         3    ####...


Dungeon Overview and Level Annotations

Branches:
Dungeon (6/15)
 Temple: D:4-7

Altars:

Annotations:
D:4 homeworkjunkie's ghost, novice HOFi


Message History

* * * LOW HITPOINT WARNING * * *
You feel sick.
The crimson imp shouts!
* * * LOW HITPOINT WARNING * * *
You feel sick.
You hit the crimson imp.
The crimson imp is moderately wounded.
The crimson imp closely misses you.
You hit the crimson imp.
The crimson imp is heavily wounded.
* * * LOW HITPOINT WARNING * * *
You feel sick. The crimson imp completely misses you.
You punch the crimson imp!
The crimson imp is almost dead.
The crimson imp hits you.
* * * LOW HITPOINT WARNING * * *
You hit the crimson imp but do no damage.
The crimson imp is almost dead.
The crimson imp blinks!
You die...

#. #. #. ..# #.
#.# #.####$# ##
#......## #.#
#.......##..#
#...5....@..#
#.#.....##..#
#.##<#..# #.#
#.......# ##
#######.# #.#
#.# #.# ### #.#
#.##############


You could see a crimson imp.

Vanquished Creatures
  Sigmund (D:5)
  2 ogres (D:4)
  A scorpion (D:4)
  2 howler monkeys
  A hound (D:4)
  An iguana (D:4)
  2 worker ants
  A hound skeleton (D:4)
  An adder (D:4)
  An ooze (D:2)
  3 dart slugs
  2 leopard geckos
  2 orcs (D:3)
  A giant cockroach (D:3)
  3 hobgoblins
  2 jackals (D:3)
  3 kobolds
  A ball python (D:5)
  3 bats
  2 frilled lizards
  2 goblins
  A rat (D:3)
38 creatures vanquished.

Notes
Turn   | Place    | Note
-------+----------+-------------------------------------------
     0 | D:1      | letownia2 the Merfolk Transmuter began the quest for the Orb.
     0 | D:1      | Reached XP level 1. HP: 15/15 MP: 3/3
    98 | D:1      | Reached XP level 2. HP: 11/21 MP: 3/5
   141 | D:1      | Learned a level 2 spell: Sticks to Snakes
   290 | D:3      | Noticed a howler monkey
   297 | D:3      | Killed a howler monkey
   297 | D:3      | Reached XP level 3. HP: 13/27 MP: 4/6
   314 | D:3      | Learned a level 3 spell: Spider Form
   323 | D:3      | Reached XP level 4. HP: 18/33 MP: 5/7
   344 | D:4      | Reached skill level 1 in Poison Magic
   349 | D:4      | Reached XP level 5. HP: 25/39 MP: 1/8
   503 | D:4      | Noticed an ogre
   504 | D:4      | Noticed homeworkjunkie's ghost (novice HOFi)
   635 | D:5      | Entered Level 5 of the Dungeon
   702 | D:4      | Reached skill level 5 in Unarmed Combat
   702 | D:4      | Reached skill level 5 in Transmutations
   702 | D:4      | Reached XP level 6. HP: 42/47 MP: 6/9
   799 | D:5      | Noticed Sigmund
   814 | D:5      | Killed Sigmund
   814 | D:5      | Reached XP level 7. HP: 10/52 MP: 6/10
   832 | D:5      | Learned a level 4 spell: Ice Form
   901 | D:5      | HP: 2/52 [poisoned by a worker ant]
   906 | D:5      | Succumbed to a worker ant's poison

Skill      XL: |  1  2  3  4  5  6 |
---------------+-------------------+-----
Transmutations | 3 4 5 6 |  6.9
Fighting       | 2 3 |  3.0
Unarmed Combat | 4 5 6 |  6.4
Poison Magic   | 1 |  1.7
Dodging        | |  2.6
Spellcasting   | |  2.0

Action                   |  1- 3 |  4- 6 |  7- 9 || total
-------------------------+-------+-------+-------++-------
Melee: Unarmed           |    56 |    67 |    11 ||   134
       Headbutt          |     7 |     1 |       ||     8
       Punch             |     1 |       |       ||     1
 Cast: Beastly Appendage |    10 |     3 |     1 ||    14
       Sticks to Snakes  |     1 |       |       ||     1
       Spider Form       |       |     8 |     1 ||     9
  Use: Scroll            |       |       |     2 ||     2
       Potion            |       |       |     1 ||     1
 Stab: Sleeping          |     1 |       |     1 ||     2
       Distracted        |     1 |       |       ||     1
  Eat: Chunk             |       |     1 |       ||     1
Armor: Robe              |     6 |     4 |     1 ||    11
       Skin              |       |     1 |       ||     1
Dodge: Dodged            |    36 |    57 |     6 ||    99
